 Dungeon Crawl Stone Soup version 0.30-a0-122-g2a1322497e (webtiles) character file.

Game seed: 8512243543322542514

203 IdlyInterested the Covered (level 5, -2/41 HPs)
             Began as a Demonspawn Wanderer on Sept 16, 2022.
             Killed from afar by an electric eel (3 damage)
             ... with a bolt of electricity
             ... on level 3 of the Dungeon.
             The game lasted 00:11:21 (4096 turns).

IdlyInterested the Covered (Demonspawn Wanderer)    Turns: 4096, Time: 00:11:22

Health: -2/41      AC: 13    Str: 13    XL:     5   Next: 51%
Magic:  6/6        EV:  6    Int: 12    God:
Gold:   161        SH:  5    Dex: 17    Spells: 6/6 levels left

rFire   . . .      SeeInvis .    r - +0 whip of Avibe {elec, Fragile rElec Dex+2 Stlth+}
rCold   + . .      Faith    .    b - +0 buckler
rNeg    . . .      Spirit   .    d - +0 chain mail
rPois   .          Reflect  .    (no helmet)
rElec   +          Harm     .    p - +0 cloak
rCorr   .          Rampage  .    k - +0 pair of gloves
Will    .....                    f - +0 pair of boots
Stlth   ..........               (no amulet)
HPRegen 0.13/turn                l - ring of protection from cold
MPRegen 0.10/turn                (no ring)

@: attractive
A: claws 1, powered by death 1
a: no special abilities


You were on level 3 of the Dungeon.
You visited 1 branch of the dungeon, and saw 3 of its levels.

You collected 161 gold pieces.

Inventory:

Hand Weapons
 h - a +0 long sword
 q - a +0 hand axe
 r - the +0 whip of Avibe (weapon) {elec, Fragile rElec Dex+2 Stlth+}
   (You found it on level 2 of the Dungeon)

   It occasionally discharges a powerful burst of electricity upon striking a
   foe.
   Dex:       It affects your dexterity (+2).
   rElec:     It insulates you from electricity.
   Fragile:   It will be destroyed if unequipped.
   Stlth:     It makes you more stealthy.
 t - a +1 whip of electrocution
 u - a +2 dagger of venom
Missiles
 s - 4 poisoned darts (quivered)
Armour
 b - a +0 buckler (worn)
 d - a +0 chain mail (worn)
 f - a +0 pair of boots (worn)
 k - a +0 pair of gloves (worn)
 m - a +0 ring mail
 o - a +0 leather armour
 p - a +0 cloak (worn)
Jewellery
 l - a ring of protection from cold (left hand)
Wands
 j - a wand of flame (9)
Scrolls
 a - a scroll of torment {unknown}
 c - a scroll of fear
Potions
 e - a potion of haste
 i - a potion of heal wounds
 n - 3 potions of curing


   Skills:
 + Level 3.4 Fighting
 - Level 4.5 Armour
 + Level 2.8 Dodging
 - Level 1.0 Stealth
 * Level 2.4 Shields
 - Level 1.0 Spellcasting
 - Level 1.0 Poison Magic


You had 6 spell levels left.
You didn't know any spells.
Your spell library contained the following spells:

 Spells                   Type           Power      Damage    Failure   Level
 Sting                    Tmut/Pois      4%         1d3       100%        1
 Summon Small Mammal      Summ           0%         N/A       100%        1
 Cigotuvi's Dreadful Rot  Necr/Pois/Air  2%         N/A       100%        2
 Poisonous Vapours        Pois/Air       2%         N/A       100%        2
 Call Canine Familiar     Summ           0%         N/A       100%        3
 Ignite Poison            Fire/Tmut/Pois 1%         N/A       100%        3
 Mephitic Cloud           Conj/Pois/Air  1%         N/A       100%        3
 Summon Guardian Golem    Hex/Summ       0%         N/A       100%        3
 Olgreb's Toxic Radiance  Pois           3%         N/A       100%        4
 Freezing Cloud           Conj/Ice/Air   0%         6-21      100%        5


Dungeon Overview and Level Annotations

Branches:
Dungeon (3/15)

Altars:

Shops:
D:3 [

Annotations:
D:3 1 transporter


Innate Abilities, Weirdness & Mutations

You have sharp fingernails.
You regenerate a little health from kills.


Message History

You resist.
The bolt of electricity hits the electric eel.
The electric eel completely resists.
You hit the electric eel.
The electric eel is lightly wounded.
The electric eel shoots out a bolt of lightning at you!
The bolt of electricity misses you.
The electric eel shoots out a bolt of lightning at you!
The bolt of electricity hits you. You resist.
The bolt of electricity hits the electric eel.
The electric eel completely resists.
The bolt of electricity hits the electric eel.
The electric eel completely resists.
The bolt of electricity hits you. You resist.
The bolt of electricity hits the electric eel.
The electric eel completely resists.
Really quaff the potion of attraction?
You feel attractive to monsters.
The electric eel shoots out a bolt of lightning at you!
The bolt of electricity hits you. You resist.
* * * LOW HITPOINT WARNING * * *
There is an open door here.
The electric eel shoots out a bolt of lightning at you!
The bolt of electricity hits you. You resist.
* * * LOW HITPOINT WARNING * * *
The electric eel shoots out a bolt of lightning at you!
The bolt of electricity hits you. You resist.
* * * LOW HITPOINT WARNING * * *
The electric eel shoots out a bolt of lightning at you!
The bolt of electricity hits you. You resist.
* * * LOW HITPOINT WARNING * * *
There is an open door here.
The electric eel shoots out a bolt of lightning at you!
The bolt of electricity misses you.
You miss the electric eel.
The electric eel shoots out a bolt of lightning at you!
The bolt of electricity hits you. You resist.
* * * LOW HITPOINT WARNING * * *
The bolt of electricity hits you. You resist.
You die...

.............'.†.....'>#
##############.......#.# ##
##################.# .#
#..................### .#
#.###############....# .#
##.#8P#~~~~~~~#P8#.#..#
.###..#..#~~~~~..#..#....#
.....©#©(+~P~⌠~..'.©#©...#
.###..#..#P~P~S.@#..#....# .#
##.#8P#~~~~~SS#P8#....# ##
#.###############..#.########
#..................#.........
############.....#####.#########.
...........'.....'.............#.
############.....#####.#######.#.
###### ########..........#.#^
.....### #.##.###.###.#.


You could see 3 electric eels.

Vanquished Creatures
  An orc priest (D:3)
  An orc wizard (D:3)
  5 adders
  A gnoll (D:2)
  2 worms (D:2)
  4 dart slugs
  3 orcs (D:3)
  10 bats
  5 endoplasms
  6 giant cockroaches
  5 hobgoblins
  12 kobolds
  3 quokkas
  3 ball pythons
  8 frilled lizards
  6 goblins
  5 rats
  3 bushes (D:1)
83 creatures vanquished.

Vanquished Creatures (others)
  10 plants
10 creatures vanquished.

Grand Total: 93 creatures vanquished

Notes
Turn   | Place    | Note
-------+----------+-------------------------------------------
     0 | D:1      | IdlyInterested the Demonspawn Wanderer began the quest for
                  | the Orb.
     0 | D:1      | IdlyInterested set off with the following items: a +0
                  | dagger, a +0 buckler, a scroll of fear, a +0 chain mail;
                  | and the following spells available to memorise: Cigotuvi's
                  | Dreadful Rot, Poisonous Vapours.
     0 | D:1      | Reached XP level 1. HP: 15/15 MP: 2/2
   188 | D:1      | Reached skill level 1 in Dodging
   188 | D:1      | Gained mutation: You regenerate a little health from kills.
                  | [demonic ancestry]
   188 | D:1      | Reached XP level 2. HP: 21/21 MP: 3/3
   474 | D:1      | Found a faded altar of an unknown god.
   646 | D:1      | Reached XP level 3. HP: 15/27 MP: 4/4
  1721 | D:2      | Discovered your monstrous ancestry.
  1721 | D:2      | Gained mutation: You have sharp fingernails. [demonic
                  | ancestry]
  1721 | D:2      | Reached XP level 4. HP: 7/34 MP: 5/5
  2101 | D:2      | Identified the +0 whip of Avibe {elec, Fragile rElec Dex+2
                  | Stlth+}
  2915 | D:3      | Reached XP level 5. HP: 41/41 MP: 6/6
  2926 | D:3      | HP: 2/41 [orc/+0 falchion (2)]
  3173 | D:3      | Found a transporter.
  3176 | D:3      | Found a transporter.
  3640 | D:3      | Found Figuoq's Antique Armour Boutique.
  4096 | D:3      | HP: 1/41 [electric eel/bolt of electricity (3)]
  4096 | D:3      | Killed from afar by an electric eel

Illustrated notes

Levels and vault maps discovered:
D:1:      nzn_arrival_water_spiral, layout_basic,
          shapermc_ecumenical_altar_mp_highgroup, lexackson_kobold_supper
D:2:      minmay_chambers_of_ones, layout_rooms
D:3:      gammafunk_steamed_eel, layout_basic, zin_treasury, serial_shops,
          nicolae_shop_overgrown_old_shop

Skill      XL: |  1  2  3  4 |
---------------+-------------+-----
Dodging        | 1 2 |  2.8
Fighting       | 2 3 |  3.4
Shields        | 2 |  2.4
Armour         | |  4.5
Stealth        | |  1.0
Spellcasting   | |  1.0
Poison Magic   | |  1.0

Action                   |  1- 3 |  4- 6 || total
-------------------------+-------+-------++-------
Melee: Dagger            |   124 |       ||   124
       Whip              |   256 |   145 ||   401
       Short sword       |     2 |       ||     2
  Use: Potion            |     1 |     4 ||     5
       Scroll            |       |     3 ||     3
Armor: Chain mail        |   196 |   108 ||   304
Dodge: Dodged            |    68 |    38 ||   106
Block: Buckler           |    41 |    30 ||    71

Table legend: (Time is in decaauts)
 A = Elapsed time spent in this place.
 B = Non-inter-level travel time spent in this place.
 C = Inter-level travel time spent in this place.
 D = Time resting spent in this place.
 E = Time spent auto-exploring this place.
 F = Levels seen in this place.
 G = Mean time per level.
                   A        B        C        D        E       F      G
               +--------+--------+--------+--------+--------+-----+--------+
         Total |   4151 |   3714 |    437 |    444 |   2163 |   3 | 1383.7 |
       Dungeon |   4151 |   3714 |    437 |    444 |   2163 |   3 | 1383.7 |
               +--------+--------+--------+--------+--------+-----+--------+

Top non-repeatable levels by time:
     D:1: 1543 daAuts
     D:3: 1317 daAuts
     D:2: 1290 daAuts
